 Dungeon Crawl Stone Soup version 0.29-a0-284-gf9362112df (webtiles) character file.

Game seed: 14913490863114257664

1263 yunder69 the Spear-Bearer (level 8, 0/78 HPs)
             Began as a Minotaur Berserker on Mar 26, 2022.
             Was a Priest of Trog.
             Succumbed to a scorpion's poison
             ... on level 5 of the Dungeon.
             The game lasted 00:16:22 (5842 turns).

yunder69 the Spear-Bearer (Minotaur Berserker)      Turns: 5842, Time: 00:16:23

Health: 0/78       AC:  9    Str: 21    XL:     8   Next: 27%
Magic:  7/7        EV:  8    Int:  6    God:    Trog [***...]
Gold:   274        SH:  0    Dex: 11    Spells: 7/7 levels left

rFire   . . .      SeeInvis .   q - +2 scimitar
rCold   . . .      Faith    .   (no shield)
rNeg    . . .      Spirit   .   b - +0 chain mail
rPois   .          Reflect  .   (helmet restricted)
rElec   .          Harm     .   (no cloak)
rCorr   .          Rampage  .   (no gloves)
Will    .....                   (no boots)
Stlth   ..........              (no amulet)
HPRegen 0.23/turn               (no ring)
MPRegen 0.10/turn               (no ring)

@: lethally poisoned (0 -> -11), on berserk cooldown, slowed, very slow
A: horns 2, retaliatory headbutt
a: Renounce Religion, Berserk, Trog's Hand


You were on level 5 of the Dungeon.
You worshipped Trog.
Trog was most pleased with you.
You visited 1 branch of the dungeon, and saw 5 of its levels.

You collected 274 gold pieces.

Inventory:

Hand Weapons
 a - a +0 spear
 q - a +2 scimitar (weapon)
 x - a +0 trident
Missiles
 g - 3 poisoned darts (quivered)
 i - 2 boomerangs
Armour
 b - a +0 chain mail (worn)
Jewellery
 l - a ring of flight
Wands
 o - a wand of paralysis (2)
 p - a wand of flame (14)
Scrolls
 c - 2 scrolls of enchant armour {unknown}
 d - a scroll of brand weapon {unknown}
 e - 2 scrolls of fear {unknown}
 f - 2 scrolls of teleportation {unknown}
 s - 3 scrolls of blinking {unknown}
 t - 2 scrolls of fog {unknown}
 u - 3 scrolls of identify {unknown}
 w - 2 scrolls of vulnerability {unknown}
Potions
 h - a potion of brilliance {unknown}
 j - a potion of ambrosia {unknown}
 k - 4 potions of curing {unknown}
 m - a potion of lignification {unknown}
 n - a potion of flight {unknown}
 r - a potion of invisibility {unknown}
 v - a potion of magic {unknown}


   Skills:
 + Level 9.0 Fighting
 + Level 9.1 Polearms
 - Level 3.0 Armour
 - Level 2.7 Dodging


You had 7 spell levels left.
You didn't know any spells.
Your spell library was empty.

Dungeon Overview and Level Annotations

Branches:
Dungeon (5/15)             Temple (0/1) D:4

Altars:

Shops:
D:3 *


Innate Abilities, Weirdness & Mutations

You have a pair of horns on your head.
You reflexively headbutt those who attack you in melee.


Message History

The scorpion poisons you!
You barely miss the scorpion.
The scorpion is severely wounded.
* * * LOW HITPOINT WARNING * * *
You feel extremely sick. The scorpion barely misses you.
The scorpion stings you but does no damage.
You closely miss the scorpion. Your headbutt misses the scorpion.
The scorpion is severely wounded.
* * * LOW HITPOINT WARNING * * *
You feel very sick. The scorpion stings you.
* * * LOW HITPOINT WARNING * * *
A red film seems to cover your vision as you go berserk!
You feel yourself moving faster!
You feel mighty!
You feel sick. The scorpion stings you.
* * * LOW HITPOINT WARNING * * *
You are lethally poisoned!
The scorpion poisons you!
You hit the scorpion.
You kill the scorpion!
Trog accepts your kill.
* * * LOW HITPOINT WARNING * * *
You feel very sick.
Your Fighting skill increases to level 9!
Your Polearms skill increases to level 9!
There is a lethal amount of poison in your body!
There is a lethal amount of poison in your body!
You are too berserk!
* * * LOW HITPOINT WARNING * * *
You feel very sick.
You feel a strong urge to attack something.
* * * LOW HITPOINT WARNING * * *
You feel very sick.
* * * LOW HITPOINT WARNING * * *
You feel sick.
You feel your anger nearly subside.
You are no longer berserk.
You are exhausted.
You feel yourself slow down.
You die...

#.##....#.......
#.#....# #.
#...###...... #.#.....#
#......#########.####..#
..........##.....# .##
#.........##.#####.. .#
#................... ##
#.........########..
#.........# #<.....@..#
#.....>!..# #.........#
#.........# #.........#
###########


There were no monsters in sight!

Vanquished Creatures
  An ice beast (D:5)
  A sky beast (D:5)
  A centaur (D:5)
  A scorpion (D:5)
  5 wights (D:3)
  A killer bee (D:5)
  2 howler monkeys
  A jelly (D:5)
  2 hounds
  3 orc priests
  Ijyb (D:3)
  3 iguanas
  5 orc wizards
  Terence (D:3)
  2 adders
  An ufetubus (D:5)
  A worm (D:5)
  2 dart slugs
  11 orcs
  4 ball pythons
  6 endoplasms
  3 giant cockroaches
  9 goblins
  11 hobgoblins
  4 jackals (D:3)
  7 kobolds
  2 quokkas
  4 bats
  A frilled lizard (D:3)
  22 rats
118 creatures vanquished.

Notes
Turn   | Place    | Note
-------+----------+-------------------------------------------
     0 | D:1      | yunder69 the Minotaur Berserker began the quest for the
                  | Orb.
     0 | D:1      | Reached XP level 1. HP: 19/19 MP: 0/0
   402 | D:1      | Reached XP level 2. HP: 26/27 MP: 1/1
  1248 | D:1      | Reached XP level 3. HP: 33/33 MP: 2/2
  2054 | D:2      | Reached ** piety under Trog
  2457 | D:2      | Found a faded altar of an unknown god.
  2604 | D:3      | Noticed Terence
  2615 | D:3      | Killed Terence
  2616 | D:3      | Reached XP level 4. HP: 41/41 MP: 3/3
  2676 | D:3      | Noticed Ijyb
  2680 | D:3      | Paralysed by Ijyb for 3 turns
  2684 | D:3      | Killed Ijyb
  2757 | D:3      | Found Cifal's Assorted Antiques.
  2817 | D:3      | Reached skill level 5 in Fighting
  2817 | D:3      | Reached skill level 5 in Polearms
  2817 | D:3      | Reached XP level 5. HP: 8/46 MP: 4/4
  3100 | D:3      | Reached XP level 6. HP: 57/57 MP: 5/5
  3840 | D:4      | Reached *** piety under Trog
  4185 | D:4      | Found a staircase to the Ecumenical Temple.
  4376 | D:4      | Reached XP level 7. HP: 53/66 MP: 6/6
  4713 | D:5      | Entered Level 5 of the Dungeon
  5298 | D:5      | Reached XP level 8. HP: 75/75 MP: 7/7
  5840 | D:5      | HP: 5/117 [poisoned by a scorpion]
  5842 | D:5      | Succumbed to a scorpion's poison

Illustrated notes

Levels and vault maps discovered:
D:1:      erik_arrival_cave_to_civilisation [erik_arrival_cave_to_hall],
          layout_basic
D:2:      layout_basic, shapermc_ecumenical_altar_rom_forum, minmay_rat_hole
D:3:      layout_loops_ring, serial_shops, nicolae_shop_trees, nrook_campfire,
          amcnicky_mini_rare_corridor_liquid, uniq_ijyb, uniq_terence
D:4:      layout_loops_ring, minmay_temple_entry_trees
D:5:      layout_rooms, minmay_misc_feat_x, minmay_manual_macuahuitl

Skill      XL: |  1  2  3  4  5  6  7  8 |
---------------+-------------------------+-----
Fighting       | 4 5 6 7 8 9 |  9.0
Polearms       | 4 5 6 7 8 9 |  9.1
Armour         | 3 |  3.0
Dodging        | |  2.7

Action                   |  1- 3 |  4- 6 |  7- 9 || total
-------------------------+-------+-------+-------++-------
Melee: Spear             |   143 |   107 |     4 ||   254
       Headbutt          |    15 |    14 |    15 ||    44
       Punch             |     1 |       |       ||     1
       Scimitar          |       |       |    75 ||    75
Invok: Berserk           |     2 |     3 |     4 ||     9
       Trog's Hand       |       |     1 |     4 ||     5
Armor: Animal skin       |     3 |       |       ||     3
       Ring mail         |     8 |    13 |       ||    21
       Chain mail        |       |       |    60 ||    60
Dodge: Dodged            |    43 |    28 |    40 ||   111

Table legend: (Time is in decaauts)
 A = Elapsed time spent in this place.
 B = Non-inter-level travel time spent in this place.
 C = Inter-level travel time spent in this place.
 D = Time resting spent in this place.
 E = Time spent auto-exploring this place.
 F = Levels seen in this place.
 G = Mean time per level.
                   A        B        C        D        E       F      G
               +--------+--------+--------+--------+--------+-----+--------+
         Total |   5906 |   5636 |    270 |   2102 |   2744 |   5 | 1181.2 |
       Dungeon |   5906 |   5636 |    270 |   2102 |   2744 |   5 | 1181.2 |
               +--------+--------+--------+--------+--------+-----+--------+

Top non-repeatable levels by time:
     D:1: 1793 daAuts
     D:4: 1377 daAuts
     D:3: 1191 daAuts
     D:2: 782 daAuts
     D:5: 762 daAuts
